 Dungeon Crawl Stone Soup version 0.17.2-1-ge4368a0 (webtiles) character file.

1761 jacquesderrida the Martial Artist (level 9, -1/50 HPs)
             Began as a Vine Stalker Wanderer on Sept 28, 2016.
             Was a Follower of Cheibriados.
             Slain by an orc warrior
             ... wielding a +0 battleaxe
              (19 damage)
             ... on level 8 of the Dungeon.
             The game lasted 00:09:31 (1683 turns).

jacquesderrida the Martial Artist (VSWn)            Turns: 1683, Time: 00:09:31

Health: -1/50      AC:  8    Str: 18    XL:     9   Next: 7%
Magic:  0/19       EV: 10    Int: 13    God:    Cheibriados [*.....]
Gold:   181        SH:  0    Dex: 22    Spells: 0 memorised, 8 levels left

rFire  + + .     SeeInvis .     l - +7 mace of Dithmenos's Anger {crush, rF+ MP+9}
rCold  + . .     Clarity  .     a - +2 scale mail
rNeg   + . .     SustAt   .     (no shield)
rPois  .         Gourm    .     (no helmet)
rElec  .         Spirit   +     (no cloak)
rCorr  .         Warding  +     (no gloves)
rMut   .         Stasis   .     (no boots)
MR     +....                    p - amulet of warding
Stlth  ..........               s - ring of protection from fire
                                e - ring of protection from cold

@: about to teleport, very slow, somewhat resistant to hostile enchantments,
extremely unstealthy
A: fangs 3, regeneration 2, magic shield, antimagic bite, no device heal 3, rot
immunity
a: Bend Time, Renounce Religion


You were on level 8 of the Dungeon.
You worshipped Cheibriados.
Cheibriados was aware of your devotion.
You were not hungry.

You visited 1 branch of the dungeon, and saw 8 of its levels.

You collected 181 gold pieces.

Inventory:

Hand Weapons
 b - a +0 blowgun
 c - a +0 short sword
 h - a +0 dagger of electrocution
 l - the +7 mace of Dithmenos's Anger (weapon) {crush, rF+ MP+9}
   (You found it on level 4 of the Dungeon)

   It inflicts extra damage upon your enemies.
   It protects you from fire.
   It affects your magic capacity (+9).
Missiles
 o - 22 poisoned needles
Armour
 a - a +2 scale mail (worn)
 u - a +2 robe of magic resistance
Jewellery
 e - a ring of protection from cold (left hand)
 p - an amulet of warding (around neck)
 s - a ring of protection from fire (right hand)
Scrolls
 m - a scroll of enchant weapon {unknown}
 t - 2 scrolls of amnesia
Potions
 i - a potion of curing
 k - a potion of heal wounds {unknown}
 n - a potion of beneficial mutation {unknown}
 r - a potion of resistance
Comestibles
 d - 5 bread rations
 f - a royal jelly
 g - a slice of pizza
 j - a beef jerky
 q - a meat ration


   Skills:
 + Level 7.3 Fighting
 - Level 1.7 Short Blades
   Level 1.0 Crossbows
 - Level 1.0 Throwing
 - Level 1.5 Armour
 - Level 1.0 Dodging
   Level 1.0 Shields
 + Level 8.2 Unarmed Combat


You had 8 spell levels left.
You didn't know any spells.

Dungeon Overview and Level Annotations

Branches:
Dungeon (8/15)
 Temple: D:4-7         Lair: D:8-11

Altars:
Cheibriados
Fedhas
Gozag
Kikubaaqudgha
Ru

Shops:
D:6 (

Annotations:
D:4 1 exclusion


Innate Abilities, Weirdness & Mutations

You have razor-sharp teeth.
You heal very quickly.
When hurt, damage is shared between your health and your magic reserves.
Your bite disrupts and absorbs the magic of your enemies.
Potions and wands cannot restore your health.
You are immune to rotting.


Message History

The orc warrior closely misses you.
You hit the orc warrior. Your bite misses the orc warrior.
The orc warrior is moderately wounded.
The orc warrior hits you with a battleaxe!
The ogre barely misses you.
Unknown command.
You closely miss the orc warrior.
The orc warrior is moderately wounded.
The orc warrior hits you with a battleaxe!!
The ogre hits you with a giant club!
Unknown command.
Read which item? (? for menu, Esc to quit)
Okay, then.
Drink which item? (? for menu, Esc to quit)
Okay, then.
Read which item? (? for menu, Esc to quit)
As you read the scroll of teleportation, it crumbles to dust.
You feel strangely unstable.
The orc warrior hits you with a battleaxe!!
You die...

#############
##.....#.....##
##.............##
#...............#
#...............#
#.......(.......#
#...............#
#(.....@.....>..#
##########.....Oo........#
.((<.................$..#
.(#####........(.......##
#(#####.########...#####
()....... #........#
..##....## ..........#
...#...## #(........#
.......# ##........#


You could see an orc warrior and an ogre.

Vanquished Creatures
  A two-headed ogre (D:8)
  A hippogriff (D:6)
  Menkaure (D:7)
  A sky beast (D:6)
  2 orc warriors (D:7)
  A phantom (D:5)
  An ogre (D:7)
  A centaur (D:7)
  2 ice beasts (D:7)
  A big kobold (D:8)
  A giant frog (D:7)
  A crimson imp (D:6)
  A centaur skeleton (D:7)
  A jelly (D:7)
  3 iguanas
  Ijyb (D:3)
  2 orc priests (D:7)
  A giant frog skeleton (D:4)
  An orc wizard (D:6)
  2 worker ants
  5 adders
  A shadow imp (D:8)
  An adder skeleton (D:8)
  A worm (D:4)
  2 giant geckos
  17 orcs
  3 bats
  2 goblins (D:1)
  4 quokkas
  A giant newt (D:4)
  8 kobolds
  A quokka zombie (D:6)
  3 rats
75 creatures vanquished.

Notes
Turn   | Place    | Note
--------------------------------------------------------------
     0 | D:1      | jacquesderrida the Vine Stalker Wanderer began the quest for the Orb.
     0 | D:1      | jacquesderrida set off with: a +2 scale mail, a potion of lignification, a +0 short sword, a bread ration
     0 | D:1      | Reached XP level 1. HP: 11/11 MP: 2/2
    42 | D:1      | Reached skill level 1 in Unarmed Combat
    79 | D:1      | Reached XP level 2. HP: 15/15 MP: 3/3
    97 | D:2      | Reached skill level 2 in Fighting
   153 | D:3      | Noticed Ijyb
   166 | D:3      | Killed Ijyb
   166 | D:3      | Reached XP level 3. HP: 13/19 MP: 4/4
   238 | D:3      | Reached XP level 4. HP: 23/23 MP: 5/5
   275 | D:4      | Got an ichor-stained mace
   276 | D:4      | Identified the +7 mace of Dithmenos's Anger {crush, rF+ MP+9} (You found it on level 4 of the Dungeon)
   356 | D:4      | Found a sacrificial altar of Ru.
   410 | D:4      | Reached skill level 3 in Unarmed Combat
   477 | D:5      | Entered Level 5 of the Dungeon
   479 | D:5      | Noticed a phantom
   482 | D:5      | Reached XP level 5. HP: 28/28 MP: 6/6
   502 | D:5      | Killed a phantom
   502 | D:5      | Reached skill level 4 in Unarmed Combat
   518 | D:5      | Noticed a sky beast
   682 | D:4      | Found an opulent altar of Gozag.
   691 | D:4      | peedar!
   699 | D:4      | Gained mutation: You heal very quickly. [Vine Stalker growth]
   699 | D:4      | Reached XP level 6. HP: 32/32 MP: 7/7
   750 | D:6      | Noticed a hippogriff
   758 | D:6      | Killed a hippogriff
   834 | D:6      | Reached skill level 5 in Unarmed Combat
   863 | D:6      | Reached XP level 7. HP: 38/38 MP: 8/8
   921 | D:6      | Found Enel's Antique Weapon Boutique.
   938 | D:6      | Found a snail-covered altar of Cheibriados.
   942 | D:6      | Reeeeeeeeee
   943 | D:6      | Became a worshipper of Cheibriados the Contemplative
  1120 | D:7      | Reached skill level 5 in Fighting
  1164 | D:7      | Reached skill level 6 in Unarmed Combat
  1204 | D:7      | Gained mutation: You have razor-sharp teeth. [Vine Stalker growth]
  1204 | D:7      | Reached XP level 8. HP: 44/44 MP: 9/9
  1377 | D:7      | Noticed Menkaure
  1383 | D:7      | Killed Menkaure
  1386 | D:7      | Found an ancient bone altar of Kikubaaqudgha.
  1390 | D:7      | Found a blossoming altar of Fedhas.
  1487 | D:7      | Reached skill level 7 in Unarmed Combat
  1526 | D:7      | Reached * piety under Cheibriados
  1607 | D:8      | Noticed a two-headed ogre
  1629 | D:8      | Killed a two-headed ogre
  1629 | D:8      | Reached skill level 8 in Unarmed Combat
  1629 | D:8      | Reached XP level 9. HP: 22/50 MP: 8/10
  1683 | D:8      | Slain by an orc warrior

Action                   |  1- 3 |  4- 6 |  7- 9 || total
-------------------------+-------+-------+-------++-------
Melee: Short sword       |    14 |       |       ||    14
       Dagger            |    41 |       |       ||    41
       Mace              |       |    48 |   116 ||   164
  Use: Scroll            |       |     3 |     2 ||     5
       Potion            |       |       |     5 ||     5
  Eat: Chunk             |       |       |     3 ||     3
